 Dungeon Crawl Stone Soup version 0.31-a0-278-g485e682e34 (webtiles) character file.

Game seed: 17463998253017216553

29 BritishOli the Trooper (level 3, -1/29 HPs)
             Began as a Demonspawn Fighter on July 16, 2023.
             Slain by a goblin
             ... wielding a +0 club
              (3 damage)
             ... on level 1 of the Dungeon.
             The game lasted 00:00:40 (231 turns).

BritishOli the Trooper (Demonspawn Fighter)          Turns: 231, Time: 00:00:41

Health: -1/29      AC:  6    Str: 18    XL:     3   Next: 1%
Magic:  3/3        EV:  6    Int:  9    God:
Gold:   15         SH:  4    Dex: 12    Spells: 2/2 levels left

rFire   . . .        a - +0 long sword
rCold   . . .        c - +0 buckler
rNeg    . . .        b - +0 scale mail
rPois   .            (no helmet)
rElec   .            (no cloak)
rCorr   .            (no gloves)
SInv    .            (no boots)
Will    .....        (no amulet) Stlth
                     (no ring)
HPRegen 0.24/turn    (no ring)
MPRegen 0.16/turn

%: no passive effects
@: constricted
A: ignite blood 1, magic regeneration
a: no special abilities


You were on level 1 of the Dungeon.
You visited 1 branch of the dungeon, and saw 1 of its levels.

You collected 15 gold pieces.

Inventory:

Hand Weapons
 a - a +0 long sword (weapon)
Armour
 b - a +0 scale mail (worn)
 c - a +0 buckler (worn)
Potions
 d - a potion of might
 e - a potion of mutation {unknown}


   Skills:
 + Level 3.3 Fighting
 + Level 2.2 Long Blades
 + Level 3.0 Armour
 + Level 3.0 Shields


You had 2 spell levels left.
You didn't know any spells.
Your spell library contained the following spells:

 Spells                   Type           Power      Damage    Failure   Level
 Blink                    Tloc           0%         N/A       94%         2
 Manifold Assault         Tloc           0%         N/A       100%        4


Dungeon Overview and Level Annotations

Branches:
Dungeon (1/15)

Altars:

Shops:
D:1 [


Innate Abilities, Weirdness & Mutations

Your demonic aura sometimes causes spilled blood to erupt in flames.
You regenerate magic rapidly.


Message History

The ball python bites you but does no damage.
The ball python constricts you.
* * * LOW HITPOINT WARNING * * *
The frilled lizard bites you.
* * * LOW HITPOINT WARNING * * *
The goblin hits you but does no damage.
The ball python bites you but does no damage.
The ball python constricts you.
Welcome back, BritishOli the Demonspawn Fighter.
Press ? for a list of commands and other information.
The frilled lizard bites you but does no damage.
The goblin hits you but does no damage.
The ball python bites you but does no damage.
The ball python constricts you.
* * * LOW HITPOINT WARNING * * *
The frilled lizard barely misses you. The goblin hits you with a +0 club.
* * * LOW HITPOINT WARNING * * *
The ball python bites you but does no damage.
The ball python constricts you. The frilled lizard barely misses you.
The goblin hits you but does no damage. The ball python closely misses you.
The ball python constricts you.
The ball python bites you but does no damage.
The ball python constricts you.
* * * LOW HITPOINT WARNING * * *
The frilled lizard barely misses you. The goblin hits you but does no damage.
The ball python bites you but does no damage.
The ball python constricts you.
The frilled lizard bites you but does no damage.
The goblin hits you but does no damage.
The ball python bites you but does no damage.
The ball python constricts you.
The frilled lizard bites you but does no damage.
You block the goblin's attack.
The ball python bites you but does no damage.
The ball python constricts you. The frilled lizard barely misses you.
The goblin hits you but does no damage.
The ball python bites you but does no damage.
The ball python constricts you. You block the frilled lizard's attack.
The goblin hits you with a +0 club.
You die...

>...#+#....#
...........####
..............
.........⌠.⌠#
..........∩.#
.........⌠.⌠#
............#
......gl....#
#.#
.....gS@....#
#.#
.....###...##
#.# .).. #.#.#
#.# ...
#.#.#######.#
..
#...†.....#.# .
###....##.#.#
#.##.##.#.#
#.##....#)#
#.####..#)#


You could see 2 goblins, a ball python and a frilled lizard.

Vanquished Creatures
  A ball python (D:1)
  3 goblins (D:1)
  3 hobgoblins (D:1)
  10 jackals (D:1)
  A kobold (D:1)
  2 quokkas (D:1)
  2 frilled lizards (D:1)
22 creatures vanquished.

Notes
Turn   | Place    | Note
-------+----------+-------------------------------------------
     0 | D:1      | BritishOli the Demonspawn Fighter began the quest for the
                  | Orb.
     0 | D:1      | Reached XP level 1. HP: 18/18 MP: 1/1
   109 | D:1      | Gained mutation: Your demonic aura sometimes causes spilled
                  | blood to erupt in flames. [demonic ancestry]
   109 | D:1      | Reached XP level 2. HP: 24/24 MP: 2/2
   191 | D:1      | Found Axag's Antique Armour Emporium.
   211 | D:1      | Gained mutation: You regenerate magic rapidly. [demonic
                  | ancestry]
   211 | D:1      | Reached XP level 3. HP: 20/29 MP: 3/3
   225 | D:1      | HP: 1/29 [goblin/+0 club (2)]
   231 | D:1      | Slain by a goblin

Illustrated notes

Levels and vault maps discovered:
D:1:      shiori_shiawase, layout_basic, serial_shops, shop_fountains, shop,
          nicolae_shop_real_fake_doors, minmay_misc_feat_enclosed,
          minmay_misc_feat_tiny

Skill      XL: |  1  2 |
---------------+-------+-----
Long Blades    | 2 |  2.2
Shields        | 3 |  3.0
Armour         | 3 |  3.0
Fighting       | |  3.3

Action                     || total
---------------------------++-------
  Melee: Long sword        ||    75
 Armour: Scale mail        ||    88
  Dodge: Dodged            ||    66
  Block: Buckler           ||    23

Table legend: (Time is in decaauts)
 A = Elapsed time spent in this place.
 B = Non-inter-level travel time spent in this place.
 C = Inter-level travel time spent in this place.
 D = Time resting spent in this place.
 E = Time spent auto-exploring this place.
 F = Levels seen in this place.
 G = Mean time per level.
                   A        B        C        D        E       F      G
               +--------+--------+--------+--------+--------+-----+--------+
         Total |    255 |    255 |      0 |      0 |     93 |   1 |  255.0 |
       Dungeon |    255 |    255 |      0 |      0 |     93 |   1 |  255.0 |
               +--------+--------+--------+--------+--------+-----+--------+

Top non-repeatable levels by time:
     D:1: 255 daAuts
